 Dungeon Crawl Stone Soup version 0.23-a0-586-gacb4b3f (webtiles) character file.

42 theanonym the Cudgeler (level 3, 0/27 HPs)
             Began as a Mummy Warper on Dec 19, 2018.
             Slain by a dart slug (2 damage)
             ... on level 2 of the Dungeon.
             The game lasted 00:01:10 (2006 turns).

theanonym the Cudgeler (Mummy Warper)               Turns: 2006, Time: 00:01:11

Health: 0/27       AC:  5    Str: 15    XL:     3   Next: 35%
Magic:  7/7        EV: 10    Int: 12    God:
Gold:   72         SH:  0    Dex: 11    Spells: 7/7 levels left

rFire    x . .     SeeInvis .   a - +0 mace
rCold    + . .     Gourm    .   (no shield)
rNeg     + + +     Faith    .   c - +0 ring mail
rPois    ∞         Spirit   .   (no helmet)
rElec    .         Reflect  .   (no cloak)
rCorr    .         Harm     .   (no gloves)
MR       .....                  (no boots)
Stlth    +.........             (no amulet)
HPRegen  0.09/turn              (no ring)
MPRegen  0.10/turn              (no ring)

@: heavily drained
A: no food or potions, fire vulnerability, cold resistance 1, negative energy
resistance 3, torment resistance, unbreathing
a: no special abilities


Innate Abilities, Weirdness & Mutations

You do not eat or drink.
Your flesh is vulnerable to fire.
You are immune to poison.
Your flesh is cold resistant. (rC+)
You are immune to negative energy. (rN+++)
You are immune to unholy pain and torment.
You can survive without breathing.


   Skills:
 - Level 2.0(0.7) Fighting
 + Level 3.1(1.8) Maces & Flails
 - Level 0.7(0.0) Throwing
 - Level 0.7(0.0) Armour
 - Level 1.5(0.3) Dodging
 - Level 2.6(1.4) Spellcasting
   Level 2.4(1.1) Translocations


You had 7 spell levels left.
You didn't know any spells.
Your spell library contained the following spells:

 Spells                   Type           Power        Failure   Level  Hunger
 Blink                    Tloc           N/A          50%         2    N/A
 Shroud of Golubria       Chrm/Tloc      #.........   56%         2    N/A
 Gell's Gravitas          Tloc           #.........   73%         3    N/A
 Lesser Beckoning         Tloc           #.........   73%         3    N/A
 Teleport Other           Tloc           #.......     73%         3    N/A
 Passage of Golubria      Tloc           N/A          98%         4    N/A

Skill      XL: |  1  2  3 |
---------------+----------+-----
Maces & Flails | 2 3 |  3.1
Fighting       | |  2.0
Throwing       | |  0.7
Armour         | |  0.7
Dodging        | |  1.5
Spellcasting   | |  2.6
Translocations | |  2.4

Action                   || total
-------------------------++-------
Melee: Mace              ||   108
Armor: Ring mail         ||    72
Dodge: Dodged            ||    81

Inventory:

Hand Weapons
 a - a +0 mace (weapon)
Missiles
 e - 5 tomahawks of dispersal (quivered)
Armour
 b - a +0 leather armour
 c - a +0 ring mail (worn)
   (You found it on level 1 of the Dungeon)
Scrolls
 d - a scroll of immolation {unknown}
 f - a scroll of remove curse {unknown}
 g - a scroll of teleportation {unknown}
 B - a scroll of blinking


You were on level 2 of the Dungeon.
You were not hungry.

You visited 1 branch of the dungeon, and saw 2 of its levels.

You collected 72 gold pieces.

Dungeon Overview and Level Annotations

Branches:
Dungeon (2/15)

Altars:

#..(.(.....##...
##.##.#..##......
####..##..#.##.#....
#...................
####............#....#.
......?..w.....#......
#####.................##
#...............##..#.#
#.###..@........# .#..# #.#
#...w......... ..# #.#
#..........#### #.## #.#
#..........# #... #.#
#####.###########...
.######.##### #.. ..........
............###############...
#######.###.#......(......>...
#.......# #.#.#############...


You could see a worm and a dart slug.

Notes
Turn   | Place    | Note
-------+----------+-------------------------------------------
     0 | D:1      | theanonym the Mummy Warper began the quest for the Orb.
     0 | D:1      | Reached XP level 1. HP: 16/16 MP: 4/4
   495 | D:1      | Reached skill level 2 in Maces & Flails
   558 | D:1      | Reached XP level 2. HP: 22/22 MP: 5/5
  1310 | D:2      | HP: 11/22 [jackal (2)]
  1315 | D:2      | HP: 6/22 [jackal (3)]
  1568 | D:2      | HP: 7/22 [worm (10)]
  1571 | D:2      | HP: 2/22 [worm (5)]
  1575 | D:2      | Reached XP level 3. HP: 2/27 MP: 7/7
  1893 | D:2      | Reached skill level 3 in Maces & Flails
  1991 | D:2      | HP: 13/27 [adder (3)]
  1997 | D:2      | HP: 9/27 [adder (1)]
  1999 | D:2      | HP: 4/27 [worm (4)]
  2006 | D:2      | Slain by a dart slug

Vanquished Creatures
  An adder (D:2)
  A worm (D:2)
  A dart slug (D:1)
  A giant cockroach (D:1)
  3 goblins
  2 hobgoblins
  4 jackals (D:2)
  A ball python (D:1)
  8 bats
  A frilled lizard (D:2)
  A kobold (D:2)
  3 rats
27 creatures vanquished.

Table legend:
 A = Turns spent in this place as a percentage of turns spent in the entire game.
 B = Non-inter-level travel turns spent in this place as a percentage of non-inter-level travel turns spent in the entire game.
 C = Inter-level travel turns spent in this place as a percentage of turns spent in this place.
 D = Turns resting spent in this place as a percentage of non-inter-level travel turns spent in this place.
 E = Turns spent auto-exploring this place as a percentage of non-inter-level travel turns spent in this place.
 F = Non-inter-level travel turns spent in this place divided by the number of levels of this place that you've seen.
                   A       B       C       D       E      F
               +-------+-------+-------+-------+-------+----------------------
         Total | 100.0 | 100.0 |   4.0 |  26.9 |  61.6 | 963.0
       Dungeon | 100.0 | 100.0 |   4.0 |  26.9 |  61.6 | 963.0
               +-------+-------+-------+-------+-------+----------------------
